 Dungeon Crawl Stone Soup version 0.29.1-15-g9cfb28693d (webtiles) character file.

Game seed: 14748278398429197375

4710 cghgu1 the Fighter (level 10, -3/95 HPs)
             Began as a Minotaur Abyssal Knight on Feb 21, 2023.
             Was a High Priest of Lugonu.
             Slain by an orc warrior
             ... wielding a +0 short sword
              (14 damage)
             ... on level 9 of the Dungeon.
             The game lasted 01:01:57 (8749 turns).

cghgu1 the Fighter (Minotaur Abyssal Knight)        Turns: 8749, Time: 01:01:57

Health: -3/95      AC: 12    Str: 18    XL:     10   Next: 22%
Magic:  3/3        EV: 13    Int:  7    God:    Lugonu [*****.]
Gold:   253        SH:  0    Dex: 13    Spells: 12/12 levels left

rFire   x . .      SeeInvis .   l - +6 scimitar "Plog" {antimagic, Fly rC+}
rCold   + + .      Faith    .   (no shield)
rNeg    . . .      Spirit   .   h - +0 ring mail
rPois   .          Reflect  .   (helmet restricted)
rElec   .          Harm     .   (no cloak)
rCorr   +          Rampage  .   c - +2 pair of gloves
Will    .....                   r - +2 pair of boots {Fly}
Stlth   +.........              w - amulet of the acrobat
HPRegen 0.25/turn               i - ring of resist corrosion
MPRegen 0.08/turn               s - ring of ice

@: flying
A: horns 2, retaliatory headbutt, talons 1, weak 1
a: Renounce Religion, Depart the Abyss, Bend Space, Banish, Corrupt, Enter the
Abyss


You were on level 9 of the Dungeon.
You worshipped Lugonu.
Lugonu was extremely pleased with you.
You visited 1 branch of the dungeon, and saw 9 of its levels.
You visited the Abyss 1 time.

You collected 487 gold pieces.
You spent 234 gold pieces at shops.

Inventory:

Hand Weapons
 j - a +2 whip of flaming
 l - the +6 scimitar "Plog" (weapon) {antimagic, Fly rC+}
   (You bought it in a shop on level 6 of the Dungeon)

   It reduces the magical energy of the wielder, and disrupts the spells and
   magical abilities of those it strikes.
   Natural abilities and divine invocations are not affected.
   rC:        It protects you from cold.
   Fly:       It grants you flight.
 y - a +2 vorpal spear
Missiles
 d - a boomerang (quivered)
Armour
 c - a +2 pair of gloves (worn)
 g - a +0 chain mail
 h - a +0 ring mail (worn)
 n - a +2 pair of boots
 r - a +2 pair of boots of flying (worn)
Magical Staves
 a - a staff of air
Jewellery
 i - a ring of resist corrosion (left hand)
 s - a ring of ice (right hand)
 t - a ring of fire
 w - an amulet of the acrobat (around neck)
Wands
 m - a wand of light (11)
 q - a wand of flame (22)
 u - a wand of charming (2)
Scrolls
 k - 2 scrolls of identify
 p - a scroll of amnesia
 B - a scroll of brand weapon
Potions
 f - a potion of curing
 v - 2 potions of brilliance
 A - a potion of ambrosia


   Skills:
 * Level 11.0 Fighting
 - Level 7.0 Long Blades
 - Level 6.3 Maces & Flails
 - Level 2.5 Polearms
 - Level 1.2 Throwing
 - Level 6.1 Armour
 - Level 6.0 Dodging
 * Level 1.5 Spellcasting
 - Level 2.0 Invocations
 - Level 4.0 Evocations


You had 12 spell levels left.
You didn't know any spells.
Your spell library contained the following spells:

 Spells                   Type           Power      Damage    Failure   Level
 Sublimation of Blood     Necr           0%         N/A       71%         2
 Wereblood                Tmut           0%         N/A       71%         2
 Malign Gateway           Summ/Tloc      0%         N/A       100%        7
 Summon Hydra             Summ           0%         N/A       100%        7
 Summon Horrible Things   Summ           0%         N/A       100%        8


Dungeon Overview and Level Annotations

Branches:
Dungeon (9/15)             Temple (0/1) D:5
   Lair: D:8-11         Orc: D:9-12

Altars:
Gozag
Trog
Wu Jian

Shops:
D:1 (   D:2 !   D:3 :   D:6 (


Innate Abilities, Weirdness & Mutations

You have a pair of horns on your head.
You reflexively headbutt those who attack you in melee.
You have sharp toenails.
You are weak. (Str -2)


Message History

You kill the killer bee!
Lugonu accepts your kill.
You feel sick.
The orc warrior hits you with a +0 short sword!
Your Fighting skill increases to level 11!
You closely miss the orc warrior.
You headbutt the orc warrior, but do no damage.
The orc warrior is lightly wounded.
You feel sick.
The orc warrior hits you with a +0 short sword!
* * * LOW HITPOINT WARNING * * *
You hit the orc warrior.
You headbutt the orc warrior, but do no damage.
The orc warrior is moderately wounded.
You feel sick.
You are no longer poisoned.
The orc warrior hits you with a +0 short sword!
* * * LOW HITPOINT WARNING * * *
You hit the orc warrior.
The orc warrior is moderately wounded.
The orc warrior hits you with a +0 short sword!
* * * LOW HITPOINT WARNING * * *
The orc warrior barely misses you.
You fly downwards.
Found 9 gold pieces.
There is a stone staircase leading up here.
You feel better. The orc warrior barely misses you.
You hit the orc warrior.
The orc warrior is heavily wounded.
The orc warrior hits you with a +0 short sword.
* * * LOW HITPOINT WARNING * * *
You hit the orc warrior.
You punch the orc warrior, but do no damage.
The orc warrior is severely wounded.
The orc warrior hits you with a +0 short sword.
* * * LOW HITPOINT WARNING * * *
You hit the orc warrior.
The orc warrior is almost dead.
The orc warrior hits you with a +0 short sword!
You die...

##########
#.........
#.........
#.@.......
#o........
...........
.............
#.............
$.#............
# .......######
#..##...#


You could see an orc warrior.

Vanquished Creatures
  A deep elf pyromancer (D:6)
  A hornet (D:7)
  Grinder (D:3)
  A slime creature (D:7)
  A steam dragon (D:7)
  2 water moccasins (D:7)
  Duvessa (D:7)
  4 ice beasts
  An orc warrior (D:7)
  An ogre (D:7)
  A black bear (D:7)
  A phantom (D:5)
  4 bullfrogs
  A gnoll sergeant (D:7)
  3 scorpions
  3 necrophages
  Dowan (D:7)
  9 wights (D:8)
  11 killer bees
  A howler monkey (D:7)
  2 centaur zombies (D:8)
  4 orc priests
  2 hounds
  A gnoll bouda (D:6)
  Crazy Yiuf (D:7)
  6 iguanas
  Ijyb (D:3)
  2 orc wizards
  A killer bee zombie (D:8)
  9 gnolls
  10 adders
  A shadow imp (D:7)
  3 white imps
  A worm (D:2)
  A dart slug (D:4)
  17 orcs
  6 ball pythons
  3 endoplasms
  A giant cockroach (D:2)
  2 goblins (D:2)
  A hobgoblin (D:4)
  8 jackals (D:2)
  4 quokkas
  11 bats
  4 frilled lizards
  7 kobolds
  A rat (D:3)
159 creatures vanquished.

Vanquished Creatures (collateral kills)
  An orc (D:5)
1 creature vanquished.

Vanquished Creatures (others)
  An orc wizard (D:5)
  An orc (D:5)
  5 withered plants (D:8)
7 creatures vanquished.

Grand Total: 167 creatures vanquished

Notes
Turn   | Place    | Note
-------+----------+-------------------------------------------
     0 | Abyss:1  | cghgu1 the Minotaur Abyssal Knight began the quest for the
                  | Orb.
     0 | Abyss:1  | Reached XP level 1. HP: 19/19 MP: 1/1
    41 | Abyss:1  | Noticed a large abomination
    43 | D:1      | Escaped the Abyss
   132 | D:1      | Reached ** piety under Lugonu
   226 | D:1      | Found Watazocs's Weapon Shoppe.
   383 | D:1      | Reached skill level 4 in Fighting
   383 | D:1      | Reached XP level 2. HP: 25/27 MP: 2/2
  1081 | D:1      | Found an ornate altar of the Wu Jian Council.
  1388 | D:2      | Reached XP level 3. HP: 19/35 MP: 3/3
  1521 | D:2      | Reached skill level 5 in Fighting
  1906 | D:2      | Reached XP level 4. HP: 44/44 MP: 4/4
  1908 | D:2      | Found Jiudwow's Distillery.
  2078 | D:2      | Reached *** piety under Lugonu
  2270 | D:3      | Found Zoxenwor's Book Emporium.
  2285 | D:3      | Reached skill level 1 in Maces & Flails
  2396 | D:3      | Noticed Grinder
  2401 | D:3      | Paralysed by Grinder for 2 turns
  2407 | D:3      | Paralysed by Grinder for 4 turns
  2413 | D:3      | Killed Grinder
  2414 | D:3      | Reached skill level 7 in Fighting
  2414 | D:3      | Reached XP level 5. HP: 35/52 MP: 5/5
  2414 | D:3      | Reached XP level 6. HP: 40/60 MP: 6/6
  2462 | D:3      | HP: 1/60 [orc priest/divine providence (11)]
  2870 | D:3      | Noticed Ijyb
  2880 | D:3      | Killed Ijyb
  3830 | D:5      | Entered Level 5 of the Dungeon
  3836 | D:5      | Found a staircase to the Ecumenical Temple.
  3893 | D:5      | Reached skill level 5 in Maces & Flails
  3893 | D:5      | Reached XP level 7. HP: 46/67 MP: 7/7
  3925 | D:5      | Reached **** piety under Lugonu
  3966 | D:5      | Reached skill level 8 in Fighting
  4114 | D:5      | Found a bloodstained altar of Trog.
  4603 | D:6      | Reached skill level 5 in Armour
  4603 | D:6      | Reached XP level 8. HP: 54/75 MP: 8/8
  4804 | D:6      | Reached skill level 1 in Throwing
  4887 | D:7      | Noticed Duvessa
  4887 | D:7      | Noticed Dowan
  4914 | D:7      | Killed Duvessa
  5160 | D:7      | Noticed a deep elf pyromancer
  5161 | D:7      | Noticed a deep elf pyromancer
  5161 | D:7      | Noticed a gargoyle
  5161 | D:7      | Noticed a slime creature
  5559 | D:7      | Gained mutation: You are weak. (Str -2) [potion of
                  | mutation]
  5559 | D:7      | Gained mutation: You have sharp toenails. [potion of
                  | mutation]
  5581 | D:7      | Found an opulent altar of Gozag.
  5812 | D:6      | Found Runob's Antique Weapon Shoppe.
  5823 | D:6      | Bought a transparent scimitar for 234 gold pieces
  5823 | D:6      | Identified the +6 scimitar "Plog" {antimagic, Fly rC+} (You
                  | bought it in a shop on level 6 of the Dungeon)
  5905 | D:6      | Reached skill level 9 in Fighting
  5911 | D:6      | Reached skill level 1 in Long Blades
  6401 | D:7      | HP: 3/78 [deep elf pyromancer/sticky flame (4)]
  6407 | D:6      | Killed a deep elf pyromancer
  6408 | D:6      | Reached skill level 5 in Long Blades
  6408 | D:6      | Reached XP level 9. HP: 20/84 MP: 3/9
  7111 | D:8      | Reached skill level 1 in Evocations
  7117 | D:7      | Reached skill level 5 in Dodging
  7524 | D:7      | Found a runed translucent door.
  7524 | D:7      | Noticed Crazy Yiuf
  7547 | D:7      | HP: 4/85 [Crazy Yiuf/+3 quarterstaff of chaos (6)]
  7549 | D:7      | Killed Crazy Yiuf
  8179 | D:7      | Reached skill level 10 in Fighting
  8199 | D:7      | Reached XP level 10. HP: 86/93 MP: 3/10
  8216 | D:7      | Killed Dowan
  8240 | D:7      | Reached skill level 1 in Spellcasting
  8729 | D:8      | Reached ***** piety under Lugonu
  8741 | D:8      | Reached skill level 11 in Fighting
  8749 | D:9      | Slain by an orc warrior

Illustrated notes

Levels and vault maps discovered:
D:1:      dpeg_arrival_water_altar, layout_basic, serial_shops, shop
D:2:      layout_loops_corners, serial_shops, shop,
          chequers_serial_rivers_micro_b, minmay_misc_feat_columns
D:3:      layout_basic, serial_shops, shop, uniq_ijyb, uniq_grinder
D:4:      layout_rooms
D:5:      layout_loops_ring, lightli_temple_of_fire, temple_doors_e
D:6:      layout_layer_cave, serial_shops, nicolae_shop_advertising_works
          [nicolae_subvault_shop_adworks]
D:7:      minmay_the_grid_four_pointed_star
          [minmay_the_grid_triangle_9x9_checkered,
          minmay_the_grid_triangle_9x9_wacky_v,
          minmay_the_grid_triangle_9x9_from_above,
          minmay_the_grid_triangle_9x9_empty, minmay_the_grid_prize_big_room],
          layout_gridville, nicolae_gozag_seed_capital, minivault_27,
          uniq_crazy_yiuf_cottage, uniq_duvessa
D:8:      layout_cave_pools, mainiacjoe_overflow_divided_tiny, serial_undead,
          serial_undead_a, serial_undead_b, serial_undead_e, serial_undead_c
D:9:      layout_rooms, chequers_arboretum, glass_columns_a,
          lightli_church_of_beogh, uniq_harold, uniq_prince_ribbit1, uniq_grum

Skill      XL: |  1  2  3  4  5  6  7  8  9 10 |
---------------+-------------------------------+-----
Invocations    | 2 |  2.0
Fighting       | 4 5 7 8 9 10 11 | 11.0
Maces & Flails | 3 5 6 |  6.3
Armour         | 5 6 |  6.1
Dodging        | 2 4 6 |  6.0
Throwing       | 1 |  1.2
Long Blades    | 5 7 |  7.0
Evocations     | 4 |  4.0
Spellcasting   | 1 |  1.5
Polearms       | |  2.5

Action                   |  1- 3 |  4- 6 |  7- 9 | 10-12 || total
-------------------------+-------+-------+-------+-------++-------
Melee: Spear             |    21 |       |    11 |       ||    32
       Whip              |    62 |    89 |   167 |       ||   318
       Headbutt          |     6 |    15 |    73 |    11 ||   105
       Punch             |       |     1 |     6 |     1 ||     8
       Scimitar          |       |       |   129 |    50 ||   179
Throw: Boomerang         |       |       |     8 |       ||     8
Invok: Depart the Abyss  |     1 |       |       |       ||     1
Evoke: Wand              |       |     7 |    18 |       ||    25
  Use: Scroll            |     5 |     3 |    14 |       ||    22
       Potion            |       |     5 |     7 |     2 ||    14
Armor: Leather armour    |    18 |       |       |       ||    18
       Ring mail         |     6 |    34 |   113 |    44 ||   197
Dodge: Dodged            |    46 |    46 |   252 |    86 ||   430
